 Dungeon Crawl Stone Soup version 0.31.0-4-g52a2dc7128 (webtiles) character file.

Game seed: 15088059040564403701

7182 octoduck the Grappler (level 10, -1/86 (98) HPs)
             Began as a Troll Shapeshifter on Jan 22, 2024.
             Was a Follower of Yredelemnul.
             Slain by a wight
             ... wielding a +4 spear
              (9 damage)
             ... on level 9 of the Dungeon.
             The game lasted 00:20:32 (8142 turns).

octoduck the Grappler (Troll Shapeshifter)          Turns: 8142, Time: 00:20:37

HP:   -1/86 (98)    AC:  2    Str: 26    XL:     10   Next: 86%
MP:   2/9           EV: 14    Int:  6    God:    Yredelemnul [*.....]
Gold: 376           SH:  0    Dex: 11    Spells: 9/9 levels left

rFire   . .          .
                       - Unarmed
rCold   . . .        (shield currently unavailable)
rNeg    . . .        a - melded +0 animal skin
rPois   .            (helmet restricted)
rElec   .            (no cloak)
rCorr   .            (gloves unavailable)
SInv    .            (boots unavailable)
Will    .....        k - amulet of regeneration
Stlth   +            s - ring of flight
HPRegen 1.94/turn    (no ring)
MPRegen 0.11/turn

%: no passive effects
@: flux-form, flying, glowing, heavily drained
A: glow, contaminating, large, unfitting armour, claws 3, regeneration 1, shaggy
fur 1, tough skin 1
a: Begin Untransformation, Renounce Religion, Recall Undead Harvest


You were on level 9 of the Dungeon.
You worshipped Yredelemnul.
Yredelemnul was noncommittal.
You were something dangerously unstable.
You visited 2 branches of the dungeon, and saw 10 of its levels.

You collected 376 gold pieces.

Inventory:

Missiles
 l - 8 boomerangs (quivered)
 r - 12 poisoned darts
Armour
 a - a +0 animal skin (melded)
 J - a +0 robe of willpower
Jewellery
 k - an amulet of regeneration (around neck)
 s - a ring of flight (left claw)
 H - an amulet of reflection
Talismans
 c - a beast talisman
 d - a flux talisman (active)
 E - a serpent talisman
Wands
 q - a wand of roots (5)
 D - a wand of polymorph (14)
Scrolls
 g - 6 scrolls of teleportation
 h - a scroll of enchant weapon {unknown}
 i - a scroll of blinking {unknown}
 j - 2 scrolls of vulnerability
 n - a scroll of silence {unknown}
 p - 2 scrolls of immolation {unknown}
 w - a scroll of poison {unknown}
 x - a scroll of noise {unknown}
 y - a scroll of fear {unknown}
 z - 2 scrolls of identify {unknown}
 G - a scroll of enchant armour {unknown}
 I - a scroll of amnesia {unknown}
Potions
 b - 4 potions of lignification
 e - a potion of mutation {unknown}
 f - 4 potions of might
 m - 4 potions of curing {unknown}
 o - 2 potions of haste {unknown}
 t - a potion of cancellation {unknown}
 u - 2 potions of heal wounds {unknown}
 v - 2 potions of enlightenment {unknown}
 A - 2 potions of berserk rage {unknown}
 B - a potion of resistance {unknown}
 C - 2 potions of brilliance {unknown}
 F - a potion of attraction {unknown}


   Skills:
 + Level 6.2 Fighting
 - Level 1.7 Dodging
 + Level 11.4 Unarmed Combat
 * Level 10.0 Shapeshifting


You had 9 spell levels left.
You didn't know any spells.
Your spell library contained the following spells:

 Spells                   Type           Power      Damage    Failure   Level
 Sting                    Conj/Alch      0%         1d3       45%         1
 Ensorcelled Hibernation  Hex/Ice        0%         N/A       58%         2
 Mercury Vapours          Alch/Air       0%         N/A       58%         2
 Passwall                 Erth           0%         N/A       83%         3
 Swiftness                Air            0%         N/A       83%         3
 Olgreb's Toxic Radiance  Alch           0%         N/A       99%         4


Dungeon Overview and Level Annotations

Branches:
Dungeon (9/15)             Temple (1/1) D:5
   Lair: D:8-11         Orc: D:9-12

Altars:
Ashenzari
Cheibriados
Dithmenos
Elyvilon
Fedhas
Gozag
Hepliaklqana
Kikubaaqudgha
Makhleb
Nemelex Xobeh
Qazlal
Ru
Sif Muna
Trog
Uskayaw
Vehumet
Wu Jian
Xom
Yredelemnul
Zin
The Shining One

Portals:
Bailey: D:9

Annotations:
D:6 exclusions: howler monkey and orc, Maggie


Innate Abilities, Weirdness & Mutations

You are something dangerously unstable.
You glow with magical radiation, making you easy to see and hit.
Foes you strike become dangerously contaminated with magical radiation.
You are incapable of wielding weapons or throwing items.
You are too large for most types of armour.
You have claws for hands.
Your natural rate of healing is unusually fast.
You are covered in fur. (AC +1)
You have tough skin. (AC +1)


Message History

You barely miss the wight.
The wight is moderately damaged.
The wight hits you from afar with a +4 spear.
The wight closely misses you.
You scratch the wight.
The wight glows dangerously bright.
The wight is moderately damaged.
Your phantom barely misses the wight.
The wight misses you. The wight misses your phantom.
The wight hits you with a +4 battleaxe!
You feel drained. The wight barely misses you. x2
You claw the wight!
The wight shudders as magic cascades through it!!
You destroy the wight!
The wight hits you with a +4 battleaxe!
You feel drained.
* * * LOW HITPOINT WARNING * * *
The wight hits your phantom with a +4 battleaxe!
Your phantom hits the wight.
Your phantom blinks!
The wight blinks!
The wight hits you from afar with a +4 spear!
* * * LOW HITPOINT WARNING * * *
You feel drained.
* * * LOW HITPOINT WARNING * * *
The wight hits you from afar with a +4 halberd of freezing!
* * * LOW HITPOINT WARNING * * *
The wight freezes you.
* * * LOW HITPOINT WARNING * * *
Your Shapeshifting skill increases to level 10!
You swap places.
Your phantom hits the wight.
Your phantom blinks!
The wight blinks!
The wight hits your phantom with a +4 battleaxe!
The wight hits your phantom with a +0 flail!
The wight closely misses you.
The wight hits your phantom with a +4 battleaxe.
Your phantom is destroyed!
Your phantom disappears in a puff of smoke!
The wight attacks as it pursues you!
The wight hits you from afar with a +4 spear!
You die...
Your body rises from the dead as a mindless zombie.

+.# ###....## ._.. #.####
###### ... #..... ######
#..... ##$$$$#
#.....##########
#..).§.##.#......#....#. .
#....##..#.##Z..#.#....
...#8.z8#...#...##ZZ.#....
......§zZp..###.##.#.Z....
#..z§zW........##.#Z.....
#################........
#####.... #..>.
##########...#
####....ZZZZ....#
#....#########..# #...Z#
#..#


You could see 4 wights, a friendly phantom (summoned) and a friendly yak zombie.

Vanquished Creatures
  A two-headed ogre (D:7)
  A cyclops (D:8)
  A wyvern (D:8)
  2 steam dragons
  9 yaks (D:9)
  A water moccasin (D:5)
  A black bear (D:7)
  An ice beast (D:7)
  An ogre (D:6)
  5 centaurs
  2 phantoms
  A lemure (D:7)
  2 bullfrogs
  A gnoll sergeant (D:9)
  3 scorpions
  A wight (D:9)
  13 killer bees
  3 howler monkeys
  2 bombardier beetles
  4 hounds
  4 orc priests
  2 jellies
  3 iguanas
  5 orc wizards
  3 gnolls (D:9)
  3 adders
  2 shadow imps
  3 ufetubi
  5 dart slugs
  21 orcs
  12 ball pythons
  4 bats
  4 endoplasms
  5 giant cockroaches
  13 goblins
  4 hobgoblins
  2 jackals
  5 quokkas
  3 frilled lizards
  11 kobolds
  2 rats
171 creatures vanquished.

Vanquished Creatures (collateral kills)
  A two-headed ogre (D:8)
  Pikel (D:7)
  An unseen horror (D:9)
  2 hornets
  A white imp (D:6)
  An ufetubus (D:6)
  An orc (D:7)
8 creatures vanquished.

Vanquished Creatures (others)
  A hornet zombie (D:8)
  4 yak zombies (D:9)
  4 killer bee zombies
  3 orc zombies (D:8)
  A spectral ufetubus (D:6)
13 creatures vanquished.

Grand Total: 192 creatures vanquished

Notes
Turn   | Place    | Note
-------+----------+-------------------------------------------
     0 | D:1      | octoduck the Troll Shapeshifter began the quest for the
                  | Orb.
     0 | D:1      | Reached XP level 1. HP: 18/18 MP: 0/0
    82 | D:1      | Reached XP level 2. HP: 22/26 MP: 1/1
   227 | D:1      | Found a faded altar of an unknown god.
   850 | D:1      | Reached XP level 3. HP: 32/32 MP: 2/2
   963 | D:1      | Reached skill level 4 in Unarmed Combat
  1148 | D:2      | Found a blossoming altar of Fedhas.
  1433 | D:2      | Reached XP level 4. HP: 40/40 MP: 3/3
  1715 | D:3      | Reached skill level 5 in Unarmed Combat
  1724 | D:3      | Reached skill level 1 in Fighting
  2962 | D:4      | Reached XP level 5. HP: 48/48 MP: 4/4
  2996 | D:4      | Reached skill level 6 in Unarmed Combat
  3873 | D:4      | Reached XP level 6. HP: 47/55 MP: 5/5
  3936 | D:4      | Reached skill level 7 in Unarmed Combat
  4219 | D:5      | Entered Level 5 of the Dungeon
  4221 | D:5      | Noticed a water moccasin
  4227 | D:5      | Killed a water moccasin
  4271 | D:5      | Reached XP level 7. HP: 50/62 MP: 6/6
  4517 | D:5      | Reached skill level 8 in Unarmed Combat
  4926 | D:5      | Reached skill level 9 in Unarmed Combat
  5049 | D:5      | Found a staircase to the Ecumenical Temple.
  5109 | Temple   | Entered the Ecumenical Temple
  5130 | Temple   | Became a worshipper of Yredelemnul the Dark
  5226 | D:6      | Noticed Maggie
  5325 | D:6      | Noticed a steam dragon
  5354 | D:6      | Killed a steam dragon
  5355 | D:6      | Reached XP level 8. HP: 55/72 MP: 7/7
  5434 | D:6      | Reached * piety under Yredelemnul
  5911 | D:7      | Reached skill level 5 in Shapeshifting
  6335 | D:7      | Reached ** piety under Yredelemnul
  6418 | D:7      | Found a glowing silver altar of Zin.
  6418 | D:7      | Found an opulent altar of Gozag.
  6419 | D:7      | Found a white marble altar of Elyvilon.
  6424 | D:7      | Found a shimmering blue altar of Sif Muna.
  6555 | D:7      | Noticed a two-headed ogre
  6560 | D:7      | Killed a two-headed ogre
  6561 | D:7      | Reached skill level 10 in Unarmed Combat
  6561 | D:7      | Reached XP level 9. HP: 25/84 MP: 8/8
  6563 | D:7      | Reached *** piety under Yredelemnul
  6700 | D:7      | Noticed Pikel
  6713 | D:7      | Killed Pikel
  6932 | D:8      | Paralysed by a hornet for 3 turns
  7075 | D:8      | Noticed a two-headed ogre
  7089 | D:8      | Killed a two-headed ogre
  7090 | D:8      | Reached skill level 5 in Fighting
  7090 | D:8      | Reached XP level 10. HP: 21/96 MP: 9/9
  7544 | D:8      | Noticed a cyclops
  7551 | D:8      | Killed a cyclops
  7631 | D:8      | Found a hide-covered altar of Uskayaw.
  7856 | D:9      | Reached skill level 11 in Unarmed Combat
  7941 | D:9      | Found a flagged portal.
  8131 | D:9      | Found a burning altar of Makhleb.
  8140 | D:9      | HP: 4/86 [wight/+4 halberd of freezing (1)]
  8141 | D:9      | Reached skill level 10 in Shapeshifting
  8142 | D:9      | Slain by a wight

Illustrated notes

Levels and vault maps discovered:
D:1:      spicycebolla_green_bress_n_ham, layout_loops_ring,
          dreamdust_ecumenical_altar_grove
D:2:      layout_rooms, basic_altar
D:3:      layout_rooms
D:4:      layout_loops_ring, serial_co_window_serial, co_window_paths_b,
          co_window_paths_b, co_window_corner_a, co_window_cross_1,
          co_window_corner_a, co_window_unsneaky_path_b,
          co_window_unsneaky_path_a, co_window_corner_b,
          co_window_unsneaky_path_e, glass_columns_c, glass_columns_c,
          glass_columns_c, glass_columns_b, glass_columns_a
D:5:      layout_gridville, minmay_temple_entry_fiery
D:6:      layout_basic, kennysheep_small_spiral, uniq_maggie
D:7:      layout_loops_corners, minitemple, uniq_pikel
D:8:      kennysheep_spiral_hall, layout_basic, general_overflow_altar
D:9:      layout_basic, jmf_multi_god_temple, enter_bailey_2
Temple:   nicolae_temple_superstar

Skill      XL: |  1  2  3  4  5  6  7  8  9 10 |
---------------+-------------------------------+-----
Unarmed Combat | 4 5 6 7 9 10 11 | 11.4
Fighting       | 1 2 3 5 6 |  6.2
Shapeshifting  | 6 8 10 | 10.0
Dodging        | |  1.7

Action                     |  1- 3 |  4- 6 |  7- 9 | 10-12 || total
---------------------------+-------+-------+-------+-------++-------
  Melee: Unarmed           |   116 |    71 |   140 |    97 ||   424
         Punch             |     3 |     2 |     5 |       ||    10
 Invoke: Dark Bargain      |       |       |       |     2 ||     2
  Evoke: Wand              |       |       |     3 |     1 ||     4
    Use: Scroll            |       |     2 |       |       ||     2
         Potion            |       |       |     1 |       ||     1
   Stab: Sleeping          |     1 |       |     1 |       ||     2
         Distracted        |       |       |     1 |       ||     1
 Armour: Animal skin       |    82 |    42 |   105 |       ||   229
         Skin              |       |       |    24 |    56 ||    80
  Dodge: Dodged            |    58 |    34 |    61 |    82 ||   235
   Form: Flux              |       |       |     2 |       ||     2
         Beast             |       |       |     1 |       ||     1
